 Dungeon Crawl Stone Soup version 0.25-a0-366-g516bc45ae0 (webtiles) character file.

Game seed: 7087129628037748673, levelgen mode: deterministic

177 Caramio the Chopper (level 5, -16/46 HPs)
             Began as a Deep Dwarf Fighter on Jan 6, 2020.
             Engulfed by an orc wizard's flame (24 damage)
             ... on level 3 of the Dungeon.
             The game lasted 00:02:01 (1694 turns).

Caramio the Chopper (Deep Dwarf Fighter)            Turns: 1694, Time: 00:02:02

Health: -16/46     AC:  9    Str: 19 (20) XL:     5   Next: 30%
Magic:  5/5        EV:  7    Int:  9      God:
Gold:   134        SH:  9    Dex: 11 (12) Spells: 4/4 levels left

rFire    . . .     SeeInvis .   Y - +1 war axe
rCold    . . .     Gourm    .   c - +0 shield
rNeg     . . .     Faith    .   b - +0 scale mail
rPois    .         Spirit   .   (no helmet)
rElec    .         Reflect  .   p - +1 cloak
rCorr    .         Harm     .   (no gloves)
MR       .....                  (no boots)
Stlth    ..........             (no amulet)
HPRegen  0.00/turn              (no ring)
MPRegen  0.09/turn              (no ring)

@: lethally poisoned (-16 -> -16), non-regenerating
A: damage resistance, heal wounds, sense surroundings 1, no regeneration
a: Heal Wounds


You were on level 3 of the Dungeon.
You were not hungry.

You visited 1 branch of the dungeon, and saw 3 of its levels.

You collected 134 gold pieces.


Innate Abilities, Weirdness & Mutations

You are resistant to damage.
You can heal yourself by infusing magical energy.
You passively map a small area around you.
You do not regenerate.


   Skills:
 - Level 2.6 Fighting
 + Level 6.0 Axes
 - Level 3.2 Armour
 - Level 1.1 Dodging
 - Level 3.2 Shields


You had 4 spell levels left.
You didn't know any spells.
Your spell library was empty.

Inventory:

Hand Weapons
 d - a +0 flail
 Y - a +1 war axe (weapon)
Armour
 b - a +0 scale mail (worn)
 c - a +0 shield (worn)
 p - a +1 cloak (worn)
Scrolls
 a - a scroll of noise {unknown}
 k - 2 scrolls of identify
Potions
 i - a potion of curing {unknown}
 l - a potion of mutation {unknown}
Comestibles
 f - 5 rations
 g - 11 chunks of flesh

Dungeon Overview and Level Annotations

Branches:
Dungeon (3/15)

Altars:


Message History

You are engulfed in blazing flames.
You feel sick. You block the orc wizard's attack.
1689 ||| INVOKING Heal Wounds.
You feel much better.
You are engulfed in blazing flames.
The orc wizard zaps a wand.
The orc wizard creates a blast of flame!
The now-empty wand crumbles to dust.
1690 ||| INVOKING Heal Wounds.
You fail to use your ability.
You are engulfed in blazing flames.
The orc wizard barely misses you.
1691 ||| INVOKING Heal Wounds.
You feel much better.
You are engulfed in blazing flames.
1692 ||| INVOKING Heal Wounds.
You fail to use your ability.
You are engulfed in blazing flames.
The orc wizard looks encouraged for a moment.
1693 ||| INVOKING Heal Wounds.
You feel much better.
You are engulfed in blazing flames.
The orc wizard looks satisfied for a moment.
1694 ||| INVOKING Heal Wounds.
You fail to use your ability.
You are engulfed in blazing flames.
Ouch! That really hurt!
You die...

.######.....(.(...#
........#.##.#...(#
o########.##.#..#.#
, * #.##.#......
#.##.#.##.###
#.##.#.#*.# *
#####¤##.#.## # ,
#o¤¤¤¤......., ,
#@########### ,
**#¤¤%# * * * ,
¤¤¤.... , , ,,
.¤¤¤¤..>.. ,
........### * *
....)....# ,*
,.<.##....## ###.
#....# *


You could see an orc wizard.

Vanquished Creatures
  An orc wizard (D:3)
  Terence (D:3)
  5 adders
  3 worms
  A dart slug (D:1)
  A leopard gecko (D:1)
  8 orcs (D:3)
  4 bats
  4 giant cockroaches
  3 goblins
  5 hobgoblins
  3 jackals (D:1)
  A ball python (D:1)
  5 frilled lizards
  11 kobolds
  5 rats
61 creatures vanquished.

Notes
Turn   | Place    | Note
-------+----------+-------------------------------------------
     0 | D:1      | Caramio the Deep Dwarf Fighter began the quest for the Orb.
     0 | D:1      | Reached XP level 1. HP: 20/20 MP: 1/1
     0 | D:1      | 0 ||| counter = 6
    42 | D:1      | 42 ||| Stepping ~*~*~tactically~*~*~ (stealth).
    43 | D:1      | 43 ||| Stepping ~*~*~tactically~*~*~ (stealth).
    58 | D:1      | 58 ||| Stepping ~*~*~tactically~*~*~ (stealth).
   149 | D:1      | Reached skill level 3 in Axes
   149 | D:1      | Reached XP level 2. HP: 24/27 MP: 2/2
   186 | D:1      | 186 ||| Stepping ~*~*~tactically~*~*~ (stealth).
   220 | D:1      | Reached skill level 1 in Dodging
   255 | D:1      | 255 ||| Stepping ~*~*~tactically~*~*~ (stealth).
   268 | D:1      | 268 ||| Stepping ~*~*~tactically~*~*~ (hiding).
   269 | D:1      | 269 ||| Waiting for ranged monster.
   270 | D:1      | 270 ||| Waiting for ranged monster.
   271 | D:1      | 271 ||| Waiting for ranged monster.
   272 | D:1      | 272 ||| Waiting for ranged monster.
   698 | D:1      | 698 ||| Stepping ~*~*~tactically~*~*~ (stealth).
   701 | D:1      | 701 ||| Stepping ~*~*~tactically~*~*~ (stealth).
   702 | D:1      | 702 ||| Stepping ~*~*~tactically~*~*~ (stealth).
   718 | D:1      | Reached XP level 3. HP: 24/33 MP: 3/3
   725 | D:1      | 725 ||| DRINKING 2 black potions.
   726 | D:1      | 726 ||| DROPPING potion of degeneration.
  1024 | D:2      | Reached skill level 4 in Axes
  1032 | D:2      | 1032 ||| Stepping ~*~*~tactically~*~*~ (stealth).
  1036 | D:2      | 1036 ||| Stepping ~*~*~tactically~*~*~ (stealth).
  1117 | D:2      | 1117 ||| Stepping ~*~*~tactically~*~*~ (stealth).
  1118 | D:2      | 1118 ||| Stepping ~*~*~tactically~*~*~ (stealth).
  1125 | D:2      | 1125 ||| DRINKING 2 potions of might.
  1125 | D:2      | 1125 ||| (Quaffed as a fallback buff.)
  1129 | D:2      | 1129 ||| Stepping ~*~*~tactically~*~*~ (stealth).
  1237 | D:2      | 1237 ||| UPGRADING to runed cloak.
  1293 | D:2      | 1293 ||| DRINKING potion of might.
  1293 | D:2      | 1293 ||| (Quaffed as a fallback buff.)
  1427 | D:2      | Reached XP level 4. HP: 25/40 MP: 4/4
  1465 | D:2      | 1465 ||| READING scroll labeled SONTUT WOYJIJ.
  1466 | D:2      | 1466 ||| READING 2 scrolls labeled PYSKES DEAFYNO.
  1467 | D:2      | 1467 ||| READING 2 scrolls labeled QAILOZX WICKI.
  1468 | D:2      | 1468 ||| READING scroll labeled BIJOIN RUNUXYECOHA.
  1469 | D:2      | 1469 ||| READING scroll labeled MYTEURADOAMU.
  1473 | D:2      | 1473 ||| READING scroll labeled TARA MOIBU.
  1474 | D:2      | 1474 ||| READING scroll labeled SEPOTUEMNE.
  1475 | D:2      | 1475 ||| DRINKING 2 viscous amethyst potions.
  1514 | D:2      | 1514 ||| DROPPING potion of berserk rage.
  1515 | D:2      | 1515 ||| DROPPING scroll of amnesia.
  1556 | D:3      | 1556 ||| DRINKING potion of might.
  1556 | D:3      | 1556 ||| (Quaffed as a fallback buff.)
  1564 | D:3      | Reached skill level 5 in Axes
  1565 | D:3      | 1565 ||| INVOKING Heal Wounds.
  1572 | D:3      | 1572 ||| DROPPING cursed +0 whip.
  1644 | D:3      | 1644 ||| Stepping ~*~*~tactically~*~*~ (stealth).
  1654 | D:3      | Noticed Terence
  1655 | D:3      | 1655 ||| Stepping ~*~*~tactically~*~*~ (stealth).
  1662 | D:3      | Killed Terence
  1662 | D:3      | Reached XP level 5. HP: 43/46 MP: 5/5
  1676 | D:3      | 1676 ||| Stepping ~*~*~tactically~*~*~ (stealth).
  1678 | D:3      | 1678 ||| Stepping ~*~*~tactically~*~*~ (stealth).
  1680 | D:3      | 1680 ||| Stepping ~*~*~tactically~*~*~ (hiding).
  1682 | D:3      | Reached skill level 6 in Axes
  1687 | D:3      | 1687 ||| Stepping ~*~*~tactically~*~*~ (cloud).
  1688 | D:3      | HP: 10/46 [orc wizard] (22)]
  1689 | D:3      | 1689 ||| INVOKING Heal Wounds.
  1690 | D:3      | 1690 ||| INVOKING Heal Wounds.
  1690 | D:3      | HP: 1/46 [orc wizard] (12)]
  1691 | D:3      | 1691 ||| INVOKING Heal Wounds.
  1692 | D:3      | 1692 ||| INVOKING Heal Wounds.
  1693 | D:3      | 1693 ||| INVOKING Heal Wounds.
  1694 | D:3      | 1694 ||| INVOKING Heal Wounds.
  1694 | D:3      | Engulfed by an orc wizard's flame

Levels and vault maps discovered:
D:1:      psy_arrival_radial02, layout_basic, minmay_tromino_v2
D:2:      layout_basic, minivault_23
D:3:      layout_loops_ring, gammafunk_temple_overflow_forgotten, first_ration,
          minmay_crystal_water, uniq_terence

Skill      XL: |  1  2  3  4  5 |
---------------+----------------+-----
Axes           | 3 4 5 6 |  6.0
Dodging        | 1 |  1.1
Fighting       | |  2.6
Armour         | |  3.2
Shields        | |  3.2

Action                   |  1- 3 |  4- 6 || total
-------------------------+-------+-------++-------
Melee: War axe           |   144 |    51 ||   195
 Abil: Heal Wounds       |       |     4 ||     4
  Use: Potion            |     3 |     2 ||     5
       Scroll            |       |     7 ||     7
  Eat: Chunk             |     2 |     1 ||     3
Armor: Scale mail        |    60 |    22 ||    82
Dodge: Dodged            |    35 |    15 ||    50
Block: Shield            |    83 |    30 ||   113

Table legend:
 A = Non-vault XP
 B = Vault XP
 C = Vault XP percentage of total XP
 D = Non-vault monster count
 E = Vault monster count
 F = Vault count percentage of total count
                 A         B        C        D         E       F
            +---------+---------+-------+---------+---------+-------
      Total |     214 |      39 |  15.4 |      59 |       2 |   3.3
            +---------+---------+-------+---------+---------+-------
        D:1 |      40 |       1 |   2.4 |      23 |       1 |   4.2
        D:2 |      71 |       0 |   0.0 |      20 |       0 |   0.0
        D:3 |     103 |      38 |  27.0 |      16 |       1 |   5.9
            +---------+---------+-------+---------+---------+-------
